 Dungeon Crawl Stone Soup version 0.31-a0-331-geda263fcf1 (webtiles) character file.

Game seed: 10137467635058783777

400369 ragingrage the Wrestler (level 21, -20/160 (224) HPs)
             Began as a Troll Shapeshifter on July 19, 2023.
             Was the Champion of Ru.
             Demolished by Grunn
             ... wielding a +4 bardiche of draining
              (24 damage)
             ... on level 3 of the Depths.
             The game lasted 01:17:35 (49193 turns).

ragingrage the Wrestler (Troll Shapeshifter)       Turns: 49193, Time: 01:17:36

HP:   -20/160 (224) AC:  7    Str: 37    XL:     21   Next: 27%
MP:   20/20         EV:  8    Int:  7    God:    Ru [******]
Gold: 2188          SH:  9    Dex:  7    Spells: 20/20 levels left

rFire   + .          .
                       - Unarmed
rCold   . . .        Z - +0 kite shield {reflect}
rNeg    . . .        f - melded +0 troll leather armour
rPois   +            j - +2 hat {Will+}
rElec   +            e - +2 cloak
rCorr   +            (gloves unavailable)
SInv    +            (boots unavailable)
Will    ++++.        o - amulet of the acrobat Stlth
                     m - ring "Mohomi" {rPois rF+ rCorr Dex-3 Slay+6}
HPRegen 1.26/turn    L - ring of Itiag {*Corrode rElec Will+ Int+3 SInv}
MPRegen 0.17/turn

%: corrode self (3%), reflection, acrobat
@: maw-form, enlightened, flying, hasted, very heavily drained, unable to drink,
very quick
A: devouring maw, large, unfitting armour, claws 3, regeneration 1, shaggy fur
1, tough skin 1, no potion heal 1, inability to drink after injury 2, no
stealth, inability to train dodging, inability to train armour, inexperienced 1
}: 2/15 runes: decaying, serpentine
a: Begin Untransformation, Renounce Religion, Draw Out Power, Power Leap,
Apocalypse


You were on level 3 of the Depths.
You worshipped Ru.
Ru was exalted by your worship.
You were a creature with a mouth for a stomach.
You visited 10 branches of the dungeon, and saw 44 of its levels.
You visited 2 bazaars.
You also visited: Ossuary, Volcano and Desolation.

You collected 5751 gold pieces.
You spent 3563 gold pieces at shops.

Inventory:

Missiles
 a - 5 throwing nets
 G - 6 javelins
 K - 39 large rocks
 M - 28 boomerangs (quivered)
 N - 10 curare-tipped darts
Armour
 e - a +2 cloak (worn)
 f - a +0 troll leather armour (melded)
 j - a +2 hat of willpower (worn)
 O - a +1 tower shield of protection
 Z - a +0 kite shield of reflection (worn)
Jewellery
 m - the ring "Mohomi" (left claw) {rPois rF+ rCorr Dex-3 Slay+6}
   (You found it on level 3 of the Dungeon)

   [ring of protection from fire]

   Dex:       It affects your dexterity (-3).
   Slay:      It affects your accuracy & damage with ranged weapons and melee
   (+6).
   rF:        It protects you from fire.
   rPois:     It protects you from poison.
   rCorr:     It protects you from acid and corrosion.
 o - an amulet of the acrobat (around neck)
 y - a ring of protection from cold
 H - a +4 ring of protection
 L - the ring of Itiag (right claw) {*Corrode rElec Will+ Int+3 SInv}
   (You found it on level 3 of the Elven Halls)

   [ring of willpower]

   Int:       It affects your intelligence (+3).
   rElec:     It insulates you from electricity.
   SInv:      It lets you see invisible.
   *Corrode:  It may corrode you when you take damage.
   Will:      It increases your willpower.
Talismans
 w - a maw talisman
Wands
 B - a wand of quicksilver (21)
 C - a wand of digging (15)
 F - a wand of flame (46)
 Q - a wand of paralysis (77)
 S - a wand of mindburst (25)
 T - a wand of iceblast (17)
Scrolls
 c - 5 scrolls of blinking
 i - 14 scrolls of fear
 k - 15 scrolls of immolation
 p - a scroll of silence
 r - 8 scrolls of vulnerability
 t - 6 scrolls of fog
 z - 21 scrolls of teleportation
 I - 3 scrolls of summoning
 V - 5 scrolls of revelation
 X - 3 scrolls of poison
Potions
 b - 7 potions of lignification
 d - 27 potions of curing
 l - 7 potions of haste
 n - 4 potions of enlightenment
 q - a potion of berserk rage
 u - 2 potions of magic
 v - 4 potions of resistance
 x - 14 potions of heal wounds
 A - 3 potions of ambrosia
 E - 7 potions of invisibility
 J - 4 potions of mutation
 P - 9 potions of might
 R - 4 potions of attraction
 U - 5 potions of cancellation
Miscellaneous
 g - a lightning rod (4/4)
 h - a condenser vane (inert)
 s - a box of beasts
 D - a phial of floods
 W - a piece from Xom's chessboard (15/15)
 Y - a phantom mirror


   Skills:
 + Level 16.9 Fighting
 - Level 13.7 Throwing
 - Level 9.0 Shields
 - Level 26.1 Unarmed Combat
 - Level 8.9 Evocations
 - Level 12.9 Shapeshifting


You had 20 spell levels left.
You didn't know any spells.
Your spell library contained the following spells:

 Spells                   Type           Power      Damage    Failure   Level
 Kiss of Death            Conj/Necr      0%         2d5       56%         1
 Magic Dart               Conj           0%         1d3       56%         1
 Necrotise                Necr           0%         1d4       56%         1
 Sandblast                Erth           0%         2d4       56%         1
 Slow                     Hex            0%         N/A       56%         1
 Sting                    Tmut/Pois      0%         1d3       56%         1
 Summon Small Mammal      Summ           0%         N/A       56%         1
 Blink                    Tloc           0%         N/A       71%         2
 Call Imp                 Summ           0%         N/A       71%         2
 Lesser Beckoning         Tloc           0%         N/A       71%         2
 Momentum Strike          Conj/Tloc      0%         3d8       71%         2
 Passwall                 Tmut/Erth      0%         N/A       71%         2
 Poisonous Vapours        Pois/Air       0%         N/A       71%         2
 Static Discharge         Conj/Air       0%         2-2/arc   71%         2
 Call Canine Familiar     Summ           0%         N/A       90%         3
 Confusing Touch          Hex            0%         N/A       90%         3
 Frozen Ramparts          Ice            0%         1d1       90%         3
 Gell's Gravitas          Tloc           0%         N/A       90%         3
 Ignite Poison            Fire/Tmut/Pois 0%         N/A       90%         3
 Inner Flame              Hex/Fire       0%         N/A       90%         3
 Mephitic Cloud           Conj/Pois/Air  0%         N/A       90%         3
 Stone Arrow              Conj/Erth      0%         3d7       90%         3
 Summon Guardian Golem    Hex/Summ       0%         N/A       90%         3
 Teleport Other           Tloc           0%         N/A       90%         3
 Tukima's Dance           Hex            0%         N/A       90%         3
 Vampiric Draining        Necr           0%         2d6       90%         3
 Vhi's Electric Charge    Tloc/Air       0%         N/A       90%         3
 Anguish                  Hex/Necr       0%         N/A       100%        4
 Cause Fear               Hex            0%         N/A       100%        4
 Dispel Undead            Necr           0%         3d6       100%        4
 Flame Wave               Conj/Fire      0%         2d4       100%        4
 Fulminant Prism          Conj/Hex       0%         3d5       100%        4
 Leda's Liquefaction      Hex/Erth       0%         N/A       100%        4
 Olgreb's Toxic Radiance  Pois           0%         N/A       100%        4
 Passage of Golubria      Tloc           0%         N/A       100%        4
 Petrify                  Tmut/Erth      0%         N/A       100%        4
 Sticky Flame             Conj/Fire      0%         2d3       100%        4
 Summon Lightning Spire   Summ/Air       0%         N/A       100%        4
 Agony                    Necr           0%         N/A       100%        5
 Fireball                 Conj/Fire      0%         3d3       100%        5
 Freezing Cloud           Conj/Ice/Air   0%         6-21      100%        5
 Iskenderun's Battlesphe  Conj           0%         2d6       100%        5
 Lee's Rapid Deconstruct  Erth           0%         3d4*      100%        5
 Metabolic Englaciation   Hex/Ice        0%         N/A       100%        5
 Summon Forest            Summ/Tloc      0%         N/A       100%        5
 Summon Mana Viper        Hex/Summ       0%         N/A       100%        5
 Yara's Violent Unravell  Hex/Tmut       0%         3d3       100%        5
 Conjure Ball Lightning   Conj/Air       0%         3x3d6     100%        6
 Dispersal                Tloc           0%         N/A       100%        6
 Leda's Unmaking          Conj/Erth      0%         9d1       100%        6
 Starburst                Conj/Fire      0%         6d3       100%        6
 Summon Cactus Giant      Summ           0%         N/A       100%        6
 Enfeeble                 Hex            0%         N/A       100%        7
 Haunt                    Necr/Summ      0%         N/A       100%        7
 Orb of Destruction       Conj           0%         9d5       100%        7
 Spellforged Servitor     Conj/Summ      0%         N/A       100%        7
 Ignition                 Fire           0%         3d3       100%        8
 Infestation              Necr           0%         N/A       100%        8
 Chain Lightning          Conj/Air       0%         N/A       100%        9
 Death's Door             Necr           0%         N/A       100%        9
 Fire Storm               Conj/Fire      0%         5d1       100%        9


Dungeon Overview and Level Annotations

Branches:
Dungeon (15/15)            Temple (1/1) D:5            Lair (5/5) D:11
  Swamp (4/4) Lair:2        Snake (4/4) Lair:3        Slime (0/5) Lair:4
    Orc (2/2) D:11            Elf (3/3) Orc:2        Vaults (4/5) D:13
  Crypt (3/3) Vaults:3     Depths (3/4) D:15        Ossuary (visited)
Volcano (visited)         Desolation (visited)
   Tomb: Crypt:3

Altars:
Ashenzari
Cheibriados
Dithmenos
Elyvilon
Fedhas
Gozag
Hepliaklqana
Kikubaaqudgha
Makhleb
Nemelex Xobeh
Qazlal
Ru
Sif Muna
Trog
Uskayaw
Vehumet
Wu Jian
Xom
Yredelemnul
Zin
The Shining One
Jiyva

Shops:
Orc:2 =:[?   Elf:1 [   Vaults:1 (!(?   Vaults:2 !   Depths:1 ?

Portals:
Hell: Depths:1 Depths:2
Abyss: Depths:3
Pandemonium: Depths:1 Depths:2
Ziggurat: Depths:2
Trove: D:12 (give 7 scrolls of blinking)

Annotations:
Elf:2 3 runed translucent doors
Depths:2 exclusions: 2 shining eyes and 2 more exclusions
Depths:3 Grunn


Innate Abilities, Weirdness & Mutations

You are a creature with a mouth for a stomach.
Your midsection houses a second, enormous mouth.
You are too large for most types of armour.
You have claws for hands.
Your natural rate of healing is unusually fast.
You are covered in fur. (AC +1)
You have tough skin. (AC +1)
Potions are less effective at restoring your health.
You sometimes lose the ability to drink potions when taking damage.
You cannot be stealthy.
You cannot train Dodging skill.
You cannot train Armour skill.
You are somewhat inexperienced. (-1 XL)


Message History

The doom hound claws you but does no damage.
You barely miss the doom hound. You bite the doom hound.
You kill the doom hound!
The doom hound misses you. The doom hound claws you.
You closely miss the doom hound.
The doom hound is stunned by your conviction and fails to attack.
You block Grunn's attack.
You barely miss the doom hound.
Press: ? - help, v - describe, . - travel
Here: a doom hound (ready to howl)
The floor.
You closely miss the doom hound. Your bite misses the doom hound.
The doom hound is stunned by your conviction and fails to attack.
Grunn hits you from afar with a +4 bardiche of draining!!!
You feel drained.
You eviscerate the doom hound!!! You bite the doom hound!
You hear a bark!
You mangle the doom hound!! The doom hound bites you!!!
You feel threatened and lose the ability to drink potions!
You block the doom hound's attack.
You are a creature with a mouth for a stomach.
You are enlightened. (Will+)
You are flying.
Your actions are hasted.
Your life force is heavily drained.
You cannot drink potions.
Your flying speed is very quick.
Your attack delay is about 0.3.
Your damage rating with unarmed combat is about 85 (Base [11 + 26 (UC)] x 167% (Str) x 128% (Fight) + 6 (Slay)).
Your base attributes are Str 37, Int 4, Dex 10.
Unknown command.
You mangle the doom hound!!
You kill the doom hound!
Grunn closely misses you.
You eviscerate Grunn!!! You bite Grunn!!
Grunn hits you with a +4 bardiche of draining!!!
You feel drained.
You eviscerate Grunn!!! You bite Grunn!! You scratch Grunn.
Grunn hits you with a +4 bardiche of draining!!!
* * * LOW HITPOINT WARNING * * *
You feel drained.
You die...

#....# ...#....#
#..#....# ###..#....#
....#....# ...#....#
#..#....# #.g#....#
+.W#....# #..#..[.#
#..#..†.# #..#..^.#
#..#..[.# #..#....#
#...## ###..#....#
#....#######....'....#
##.......#...##..#....#


You could see Grunn.

Vanquished Creatures
  Saint Roka (Orc:2)
  A caustic shrike (Depths:1)
  the Lernaean hydra (Swamp:4)
  A golden dragon (Depths:3)
  Vashnia (Snake:4)
  A shard shrike zombie (Crypt:2)
  2 doom hounds (Depths:3)
  4 tentacled monstrosities
  A lich (Depths:1)
  4 deep elf blademasters (Elf:3)
  The ghost of epsilonplus the Brawler, an adept TrSh of Trog (Snake:3)
  The ghost of Kacetewk the Executioner, an adept MiBe of Trog (Snake:3)
  3 walking divine tomes
  6 deep elf master archers (Elf:3)
  2 tengu reavers
  The ghost of klm127 the Executioner, an adept MiFi of Okawaru (Snake:3)
  Gastronok (D:12)
  2 sphinxes
  An ancient champion (Crypt:2)
  Aizul (Vaults:4)
  A revenant (Crypt:2)
  The ghost of Woigomae the Fighter, an adept OpVM of Vehumet (Snake:3)
  2 thorn hunters
  Donald (Snake:4)
  A fire giant (Vaults:3)
  A fenstrider witch (Swamp:3)
  A frost giant (shapeshifter) (Depths:2)
  7 nagarajas (Snake:4)
  The ghost of Shard1697 the Carver, an adept DjRe of Gozag (Snake:3)
  5 deep elf sorcerers (Elf:3)
  An iron dragon (Depths:1)
  7 vault wardens
  6 frost giants
  5 imperial myrmidons (Desolation)
  A ghoul (Vaults:3)
  A curse skull (Crypt:2)
  A deep elf elementalist (Elf:3)
  3 orc warlords
  8 very ugly things
  5 formless jellyfish (Vaults:4)
  10 ironbound preservers
  3 war gargoyles
  The ghost of Gelion the Grappler, a journeyman TrSh of Trog (Lair:5)
  7 stone giants
  3 eleionomae
  9 ironbound thunderhulks
  3 vampire knights
  4 bunyips
  A deep elf demonologist (Elf:3)
  14 dire elephants
  A halazid warlock (Desolation)
  6 deep elf annihilators (Elf:3)
  Snorg (Lair:5)
  8 deep elf death magi
  An eidolon (Crypt:1)
  3 ettins (Depths:1)
  3 fire dragons (Depths:2)
  2 entropy weavers
  Harold (D:11)
  Josephine (Orc:1)
  3 ragged hierophants (Desolation)
  6 great orbs of eyes
  4 shambling mangroves
  3 deep elf high priests
  10 yaktaur captains
  10 jiangshi
  3 ice dragons
  Erolcha (D:12)
  A salamander tyrant (Snake:4)
  2 spriggan air magi (Depths:2)
  4 peacekeepers
  9 hydras
  4 rakshasas
  8 ironbound frosthearts
  10 servants of whispers (Desolation)
  A catoblepas (Lair:4)
  2 ghost crabs
  3 ogre magi
  10 centaur warriors
  6 boulder beetles
  6 alligators
  14 dancing weapons
  14 two-headed ogres
  A death knight (Crypt:1)
  6 anacondas
  12 naga warriors
  7 death yaks
  A deep troll earth mage (Depths:3)
  4 deep troll shamans
  5 tengu warriors
  3 spriggan berserkers
  7 vampire magi
  16 naga sharpshooters
  8 shock serpents
  Nergalle (Lair:3)
  A sun demon (Volcano)
  Sonja (D:12)
  8 spriggans
  8 deep elf knights
  3 salamander mystics
  3 skysharks
  A hell knight (Volcano)
  2 skeletal warriors (Crypt:3)
  A fire crab (Lair:5)
  2 iron trolls
  Lodul (D:11)
  6 sea snakes (Snake:4)
  A deep troll (shapeshifter) (Elf:3)
  5 goliath frogs
  37 deep trolls
  A sixfirhy (Depths:1)
  A spectral anaconda (Lair:5)
  A spectral death yak (Lair:5)
  3 spriggan druids (Swamp:2)
  6 naga ritualists
  8 large abominations (Depths:3)
  An obsidian statue (Lair:5)
  4 bog bodies
  7 glowing orange brains
  A flayed ghost (Crypt:2)
  9 wizards
  A golden dragon skeleton (Crypt:1)
  An anaconda zombie (Crypt:2)
  2 deep elf archers
  14 swamp dragons
  A jorogumo zombie (Crypt:2)
  3 phantasmal warriors
  15 deep elf pyromancers
  14 ironbound convokers
  7 mana vipers
  A lindwurm (Lair:3)
  9 orc knights
  24 deep elf zephyrmancers
  10 will-o-the-wisps
  11 orc sorcerers (Orc:2)
  6 necromancers
  2 cyclopes
  An oklob plant (D:8)
  A sphinx skeleton (Crypt:1)
  42 ugly things
  12 elephants
  2 manticores (Elf:3)
  23 black mambas
  13 salamanders
  12 guardian serpents
  23 naga magi
  4 rust devils (Depths:2)
  14 cane toads
  6 vault sentinels
  A gargoyle (D:12)
  3 orange demons
  A titan simulacrum (Crypt:1)
  3 torpor snails
  5 unseen horrors
  24 yaktaurs
  2 tormentors
  A freezing wraith (Crypt:1)
  An efreet (D:14)
  8 komodo dragons
  A spectral skyshark (Lair:2)
  10 rime drakes
  9 trolls
  A steelbarb worm zombie (Crypt:1)
  6 tengu conjurers
  9 hornets
  3 polar bears
  10 tyrant leeches
  4 red devils
  A hellwing (Depths:2)
  3 meliai (D:15)
  23 blink frogs
  48 saltlings (Desolation)
  An alligator zombie (Crypt:1)
  3 spectral elephants (Lair:5)
  An ice dragon zombie (Crypt:2)
  17 slime creatures
  19 flying skulls
  2 air elementals
  3 wyverns
  3 vampires
  A culicivora (Vaults:3)
  4 water elementals
  A shadow (D:13)
  A dire elephant simulacrum (Lair:5)
  9 wraiths
  60 yaks
  A ynoxinul (Depths:2)
  A human (shapeshifter) (Elf:1)
  Eustachio (D:4)
  7 fire bats
  4 fire elementals
  A basilisk (Lair:4)
  2 chaos spawn (Depths:3)
  2 steam dragons (D:7)
  2 redbacks
  3 spectral cane toads (Lair:5)
  A death yak simulacrum (Lair:5)
  15 vampire mosquitoes
  2 neqoxecs (Depths:1)
  41 nagas
  20 swamp worms
  4 wargs (Orc:2)
  2 harpy simulacra (Crypt:1)
  A swamp worm (shapeshifter) (Elf:3)
  A merfolk zombie (Crypt:2)
  4 hell hounds
  3 acid dragons
  5 floating eyes
  8 swamp drakes (Swamp:4)
  15 water moccasins
  3 sky beasts
  24 orc warriors
  3 black bears
  An elephant zombie (Lair:5)
  3 small abominations (Depths:3)
  29 ogres
  A lindwurm zombie (Crypt:1)
  A tengu (shapeshifter) (D:15)
  2 centaurs (D:9)
  An elephant skeleton (Lair:5)
  16 wolves
  A phantom (D:5)
  A komodo dragon zombie (Crypt:1)
  A yaktaur zombie (Crypt:1)
  An elf zombie (Ossuary)
  3 kobold brigands
  13 bullfrogs
  4 scorpions (Elf:3)
  3 earth elementals
  4 gnoll sergeants
  14 wights
  An elephant simulacrum (Lair:5)
  A yak zombie (Crypt:2)
  11 killer bees
  4 electric eels
  6 howler monkeys
  6 lava snakes (Volcano)
  2 centaur zombies (Ossuary)
  A human zombie (Ossuary)
  7 jellies
  9 orc priests
  4 hounds
  A sleepcap (D:6)
  3 iguanas
  34 orc wizards
  An ogre zombie (D:13)
  An acid dragon skeleton (Crypt:2)
  2 mummies (Ossuary)
  19 gnolls
  10 adders
  2 worm zombies (Crypt:1)
  An iguana zombie (Crypt:2)
  A jelly zombie (Crypt:2)
  2 worms
  3 dart slugs (D:1)
  76 orcs
  30 endoplasms
  2 giant cockroaches (D:3)
  10 goblins
  10 hobgoblins
  18 kobolds
  2 quokkas (D:1)
  10 ball pythons
  5 bats
  3 gnoll zombies (Ossuary)
  2 goblin zombies (Ossuary)
  4 hobgoblin zombies (Ossuary)
  An orc zombie (Ossuary)
  5 rats
  A rat zombie (Crypt:2)
1666 creatures vanquished.

Vanquished Creatures (others)
  A stone giant (Depths:3)
  An ettin (Depths:2)
  3 hydras
  A death knight (Crypt:2)
  A deep elf knight (Elf:2)
  A deep troll (Vaults:2)
  A deep elf pyromancer (Elf:1)
  A deep elf zephyrmancer (Elf:1)
  An elephant (Lair:5)
  A komodo dragon (Lair:2)
  A bloated husk (Swamp:3)
  A hornet (Swamp:2)
  A naga (Snake:4)
  A gnoll (D:13)
  An orc (Orc:2)
  19 foxfires
36 creatures vanquished.

Grand Total: 1702 creatures vanquished

Notes
Turn   | Place    | Note
-------+----------+-------------------------------------------
     0 | D:1      | ragingrage the Troll Shapeshifter began the quest for the
                  | Orb.
     0 | D:1      | Reached XP level 1. HP: 19/19 MP: 0/0
   202 | D:1      | Reached XP level 2. HP: 27/27 MP: 1/1
   241 | D:1      | Reached skill level 3 in Unarmed Combat
   503 | D:1      | Reached XP level 3. HP: 33/33 MP: 2/2
   649 | D:2      | Reached skill level 4 in Unarmed Combat
   810 | D:2      | Reached XP level 4. HP: 37/41 MP: 3/3
  1244 | D:3      | Reached skill level 5 in Unarmed Combat
  1661 | D:3      | Identified the ring "Mohomi" {rPois rF+ rCorr Dex-3 Slay+6}
  1740 | D:4      | Reached XP level 5. HP: 48/48 MP: 4/4
  1816 | D:4      | Reached skill level 6 in Unarmed Combat
  1961 | D:4      | Noticed Eustachio
  1978 | D:4      | Killed Eustachio
  1979 | D:4      | Reached skill level 7 in Unarmed Combat
  1979 | D:4      | Reached XP level 6. HP: 37/55 MP: 5/5
  2620 | D:5      | Entered Level 5 of the Dungeon
  2677 | D:5      | Reached XP level 7. HP: 62/62 MP: 6/6
  2694 | D:5      | Reached skill level 8 in Unarmed Combat
  2893 | D:5      | Found a staircase to the Ecumenical Temple.
  2900 | Temple   | Entered the Ecumenical Temple
  2930 | Temple   | Became a worshipper of Ru the Awakened
  3317 | D:6      | Found a snail-covered altar of Cheibriados.
  3392 | D:6      | Found a broken altar of Ashenzari.
  3410 | D:6      | Reached skill level 9 in Unarmed Combat
  3758 | D:6      | Reached XP level 8. HP: 70/70 MP: 7/7
  4115 | D:7      | Gained mutation: You cannot be stealthy. [Ru sacrifice]
  4154 | D:7      | Reached skill level 10 in Unarmed Combat
  4169 | D:7      | Found a glowing golden altar of the Shining One.
  4207 | D:7      | Reached skill level 5 in Shapeshifting
  4250 | D:7      | Reached XP level 9. HP: 71/76 MP: 8/8
  4293 | D:7      | Found a sand-covered staircase.
  4305 | Ossuary  | Entered an ossuary
  4338 | Ossuary  | Reached skill level 11 in Unarmed Combat
  4724 | D:8      | Noticed a two-headed ogre
  4730 | D:8      | Killed a two-headed ogre
  5396 | D:8      | Identified the +1 sling "Orb Guardian's Death" {freeze,
                  | rCorr Str+2 Stlth+}
  5534 | D:8      | Reached XP level 10. HP: 89/94 MP: 9/9
  5975 | D:8      | Noticed an oklob plant
  6018 | D:8      | Killed an oklob plant
  6024 | D:8      | Gained mutation: You occasionally lose the ability to drink
                  | potions when taking damage. [Ru sacrifice]
  6024 | D:8      | Gained mutation: You sometimes lose the ability to drink
                  | potions when taking damage. [Ru sacrifice]
  6024 | D:8      | Reached * piety under Ru
  6024 | D:8      | Reached ** piety under Ru
  6204 | D:9      | Reached skill level 5 in Fighting
  6507 | D:9      | Noticed a two-headed ogre
  6638 | D:9      | Killed a two-headed ogre
  6969 | D:9      | Noticed a two-headed ogre
  6976 | D:9      | Killed a two-headed ogre
  7011 | D:10     | Entered Level 10 of the Dungeon
  7519 | D:11     | Noticed Lodul
  7647 | D:11     | Reached XP level 11. HP: 109/109 MP: 10/10
  7913 | D:11     | Noticed a two-headed ogre
  7918 | D:11     | Killed a two-headed ogre
  8022 | D:11     | Noticed Harold
  8028 | D:11     | Killed Harold
  8062 | D:11     | Gained mutation: Potions are less effective at restoring
                  | your health. [Ru sacrifice]
  8169 | D:12     | Noticed a boulder beetle
  8175 | D:12     | Noticed Erolcha
  8182 | D:12     | Killed Erolcha
  8278 | D:12     | Reached skill level 10 in Fighting
  8301 | D:12     | Noticed a deep elf archer
  8301 | D:12     | Noticed a deep elf zephyrmancer
  8301 | D:12     | Noticed a deep elf pyromancer
  8301 | D:12     | Noticed a deep elf knight
  8307 | D:12     | Killed a deep elf zephyrmancer
  8309 | D:12     | Killed a deep elf pyromancer
  8310 | D:12     | Reached skill level 1 in Throwing
  8312 | D:12     | Killed a deep elf knight
  8325 | D:12     | Killed a deep elf archer
  8375 | D:12     | Noticed Gastronok
  8384 | D:12     | Killed Gastronok
  8430 | D:12     | Noticed Sonja
  8432 | D:12     | Killed Sonja
  8433 | D:12     | Reached XP level 12. HP: 127/127 MP: 11/11
  8467 | D:12     | Killed a boulder beetle
  8627 | D:12     | Reached skill level 12 in Unarmed Combat
  8645 | D:12     | Found a portal to a secret trove of treasure.
  8724 | D:12     | Noticed a boulder beetle
  8732 | D:12     | Killed a boulder beetle
  8832 | D:12     | Reached skill level 5 in Throwing
  8895 | D:12     | Found the +8 Vampire's Tooth {megavamp}
  9214 | D:11     | Killed Lodul
  9326 | D:11     | Found a staircase to the Orcish Mines.
  9336 | D:11     | Reached skill level 13 in Unarmed Combat
  9435 | D:11     | Found a staircase to the Lair.
  9547 | Lair:1   | Entered Level 1 of the Lair of Beasts
  9713 | Lair:1   | Gained mutation: You are somewhat inexperienced. (-1 XL)
                  | [Ru sacrifice]
  9713 | Lair:1   | Reached XP level 11. HP: 120/120 MP: 10/10
  9713 | Lair:1   | Reached *** piety under Ru
  9769 | Lair:1   | Reached XP level 12. HP: 130/130 MP: 11/11
  9889 | Lair:1   | Identified the +0 leather armour of the Sacrificial Victim
                  | {rPois}
  9909 | Lair:1   | Reached skill level 14 in Unarmed Combat
 10499 | Lair:2   | Reached skill level 15 in Unarmed Combat
 10677 | Lair:2   | Gained mutation: You cannot train Armour skill. [Ru
                  | sacrifice]
 10677 | Lair:2   | Reached **** piety under Ru
 10677 | Lair:2   | Reached ***** piety under Ru
 11029 | Lair:2   | Found a staircase to the Swamp.
 11495 | Lair:3   | Noticed Nergalle
 11503 | Lair:3   | Killed Nergalle
 11504 | Lair:3   | Reached skill level 16 in Unarmed Combat
 12008 | Lair:3   | Reached skill level 17 in Unarmed Combat
 12203 | Lair:3   | Found a staircase to the Snake Pit.
 13005 | Lair:4   | Reached XP level 13. HP: 106/137 MP: 12/12
 13081 | Lair:4   | Identified the +6 war axe of Valiance {holy, rPois}
 13186 | Lair:4   | Found a viscous altar of Jiyva.
 13187 | Lair:4   | Found a staircase to the Slime Pits.
 13238 | Lair:4   | Gained mutation: You cannot train Dodging skill. [Ru
                  | sacrifice]
 13238 | Lair:4   | Reached ****** piety under Ru
 13258 | Lair:4   | Reached skill level 18 in Unarmed Combat
 13464 | Lair:4   | You fall into a shaft and drop 1 floor!
 13464 | Lair:5   | Entered Level 5 of the Lair of Beasts
 13547 | Lair:5   | Found a transporter.
 13548 | Lair:5   | Found a transporter.
 13548 | Lair:5   | Noticed Gelion's ghost (journeyman TrSh)
 13717 | Lair:4   | Reached skill level 1 in Evocations
 14727 | Lair:5   | Noticed Snorg
 14953 | Lair:5   | Got Kikubaaqudgh's Anthology of Shadows
 15023 | Lair:5   | Killed Snorg
 15206 | Lair:5   | Reached XP level 14. HP: 121/125 MP: 4/13
 15211 | Lair:5   | Killed Gelion's ghost
 15403 | Orc:1    | Entered Level 1 of the Orcish Mines
 15838 | Orc:2    | Entered Level 2 of the Orcish Mines
 15900 | Orc:2    | Noticed Saint Roka
 15912 | Orc:2    | Killed Saint Roka
 15913 | Orc:2    | Reached skill level 10 in Shapeshifting
 15990 | Orc:2    | Found a dark tunnel.
 16040 | Volcano  | Entered a volcano
 16169 | Volcano  | Found a radiant altar of Vehumet.
 16237 | Volcano  | Found a burning altar of Makhleb.
 16321 | Orc:1    | Noticed Josephine
 16326 | Orc:1    | Killed Josephine
 16690 | Orc:2    | Found a staircase to the Elven Halls.
 16767 | Orc:2    | Found Plog's Book Boutique.
 16885 | Orc:2    | Found an ancient bone altar of Kikubaaqudgha.
 16893 | Orc:2    | Found Kerravom's Antique Armour Boutique.
 16983 | Orc:2    | Found a radiant altar of Vehumet.
 16984 | Orc:2    | Paralysed by an ogre mage for 3 turns
 17037 | Orc:2    | Found Zuhochya's Magic Scroll Boutique.
 17037 | Orc:2    | Found Axysischeome's Jewellery Shop.
 17077 | Orc:2    | Bought a scroll of fear for 60 gold pieces
 17077 | Orc:2    | Bought a scroll of identify for 30 gold pieces
 17077 | Orc:2    | Bought a scroll of identify for 30 gold pieces
 17077 | Orc:2    | Bought a scroll of identify for 30 gold pieces
 17094 | Orc:2    | Bought a blade talisman for 480 gold pieces
 17598 | D:13     | Found a gate to the Vaults.
 18036 | D:13     | Reached skill level 19 in Unarmed Combat
 18538 | D:14     | Found an opulent altar of Gozag.
 18641 | D:14     | Reached skill level 5 in Evocations
 19085 | D:15     | Entered Level 15 of the Dungeon
 19121 | D:15     | Reached XP level 15. HP: 100/151 MP: 14/14
 19795 | D:15     | Found a staircase to the Depths.
 20084 | Swamp:1  | Entered Level 1 of the Swamp
 20976 | Swamp:2  | HP: 5/140 [dire elephant[a spriggan druid] (39)]
 21452 | Orc:2    | Bought a serpent talisman for 480 gold pieces
 22318 | Swamp:2  | Noticed a thorn hunter
 22328 | Swamp:2  | Killed a thorn hunter
 22468 | Swamp:3  | Noticed a tentacled monstrosity
 22476 | Swamp:3  | Noticed a tentacled monstrosity
 22478 | Swamp:3  | Killed a tentacled monstrosity
 22490 | Swamp:3  | Killed a tentacled monstrosity
 23103 | Swamp:4  | Entered Level 4 of the Swamp
 23187 | Swamp:4  | Reached skill level 20 in Unarmed Combat
 23336 | Swamp:4  | Found the +9 staff of Olgreb {rPois∞}
 23424 | Swamp:4  | Reached XP level 16. HP: 171/171 MP: 15/15
 23767 | Swamp:4  | Noticed the 27-headed Lernaean hydra
 23774 | Swamp:4  | Killed the 27-headed Lernaean hydra
 23934 | Swamp:4  | Got a decaying rune of Zot
 24424 | Snake:1  | Entered Level 1 of the Snake Pit
 24451 | Snake:1  | Found a flickering gateway to a bazaar.
 24469 | Bazaar   | Entered a bazaar
 24472 | Bazaar   | Found Morec's General Store.
 24501 | Bazaar   | Found Ulergh's Magic Scroll Emporium.
 24504 | Bazaar   | Found Ameanege's Distillery.
 24510 | Bazaar   | Found Qyrr's General Store.
 24519 | Bazaar   | Bought a lightning rod (4/4) for 360 gold pieces
 24519 | Bazaar   | Bought a potion of might for 48 gold pieces
 24519 | Bazaar   | Bought a potion of invisibility for 96 gold pieces
 24530 | Bazaar   | Bought a potion of curing for 54 gold pieces
 24530 | Bazaar   | Bought a potion of curing for 54 gold pieces
 24530 | Bazaar   | Bought a potion of resistance for 180 gold pieces
 24530 | Bazaar   | Bought a potion of invisibility for 144 gold pieces
 24530 | Bazaar   | Bought a potion of mutation for 144 gold pieces
 24530 | Bazaar   | Bought a potion of mutation for 144 gold pieces
 24530 | Bazaar   | Bought a potion of might for 72 gold pieces
 24530 | Bazaar   | Bought a potion of resistance for 180 gold pieces
 24535 | Bazaar   | Bought a scroll of fear for 64 gold pieces
 24535 | Bazaar   | Bought a scroll of teleportation for 48 gold pieces
 24535 | Bazaar   | Bought a scroll of fog for 64 gold pieces
 24535 | Bazaar   | Bought a scroll of revelation for 120 gold pieces
 24535 | Bazaar   | Bought a scroll of teleportation for 48 gold pieces
 26731 | Snake:3  | Reached skill level 21 in Unarmed Combat
 26855 | Snake:3  | Found a runed translucent gate.
 26856 | Snake:3  | Found a runed translucent gate.
 26857 | Snake:3  | Found a runed translucent gate.
 26858 | Snake:3  | Noticed Woigomae's ghost (adept OpVM)
 26859 | Snake:3  | Noticed Shard1697's ghost (adept DjRe)
 26859 | Snake:3  | Noticed epsilonplus's ghost (adept TrSh)
 26859 | Snake:3  | Noticed klm127's ghost (adept MiFi)
 26859 | Snake:3  | Noticed Kacetewk's ghost (adept MiBe)
 27764 | Snake:4  | Entered Level 4 of the Snake Pit
 27934 | Snake:4  | Noticed Vashnia
 28035 | Snake:4  | Killed Vashnia
 28214 | Snake:4  | Noticed Donald
 28226 | Snake:4  | Killed Donald
 28249 | Snake:4  | Reached skill level 22 in Unarmed Combat
 28280 | Snake:4  | Reached XP level 17. HP: 144/144 MP: 16/16
 29527 | Snake:4  | Got a serpentine rune of Zot
 30125 | Elf:1    | Entered Level 1 of the Elven Halls
 30314 | Elf:1    | Reached skill level 15 in Fighting
 30982 | Elf:1    | Found Yqonief's Armour Boutique.
 31362 | Elf:2    | Paralysed by an air elemental for 1 turns
 31365 | Elf:2    | Paralysed by an air elemental for 1 turns
 31426 | Elf:2    | Found a flickering gateway to a bazaar.
 31442 | Bazaar   | Entered a bazaar
 31447 | Bazaar   | Found Belesioci's General Store.
 31461 | Bazaar   | Found Nirorin's Magic Scroll Shop.
 31474 | Bazaar   | Found Erhibagg's Assorted Antiques.
 31474 | Bazaar   | Found Atish's Distillery.
 31541 | Bazaar   | Bought a scroll of fog for 60 gold pieces
 31541 | Bazaar   | Bought a potion of heal wounds for 75 gold pieces
 31553 | Bazaar   | Bought a scroll of fear for 48 gold pieces
 31553 | Bazaar   | Bought a scroll of revelation for 90 gold pieces
 31553 | Bazaar   | Bought a scroll of teleportation for 36 gold pieces
 31553 | Bazaar   | Bought a scroll of fear for 48 gold pieces
 31565 | Bazaar   | Bought a potion of mutation for 56 gold pieces
 31565 | Bazaar   | Bought a potion of haste for 70 gold pieces
 31565 | Bazaar   | Bought a potion of heal wounds for 35 gold pieces
 31933 | Elf:2    | Found a runed translucent gate.
 31934 | Elf:2    | Found a runed translucent gate.
 31934 | Elf:2    | Found a runed translucent gate.
 32113 | Elf:3    | Entered Level 3 of the Elven Halls
 33285 | Elf:3    | Reached XP level 18. HP: 169/194 MP: 17/17
 34758 | Elf:3    | Identified the +10 broad axe of Callousness {venom, rElec
                  | Str+3 Int-3 Dex+7}
 34802 | Elf:3    | Identified the +9 broad axe "Unoczit" {heavy, rN++}
 34987 | Elf:3    | Got the Parchment of Charged Bad Luck
 35014 | Elf:3    | Identified the +1 robe of the Eternal Void {Fly Dex+4}
 35024 | Elf:3    | Identified the ring "Nutuerchi" {rPois Int+4 SInv}
 35236 | Elf:3    | Identified the +2 shortbow "Weerphur" {freeze, rF+ Int+5
                  | Stlth-}
 35240 | Elf:3    | Got the Vademecum on the Roasted Squall
 35245 | Elf:3    | Identified the +1 robe "Ronlev" {SInv}
 35263 | Elf:3    | Identified the +1 rapier of Nuadesh {freeze, *Slow rF++
                  | Dex+3}
 35294 | Elf:3    | Found the +6 Majin-Bo {spellvamp, MP+6 Int+6}
 35311 | Elf:3    | Got the Tractate on Searing Assaults
 35318 | Elf:3    | Identified the ring of Itiag {*Corrode rElec Will+ Int+3
                  | SInv}
 35323 | Elf:3    | Identified the +5 sling "Uzof" {heavy, Will++}
 35579 | Vaults:1 | Entered Level 1 of the Vaults
 35598 | Vaults:1 | Found Forir's Magic Scroll Shoppe.
 35605 | Vaults:1 | Bought a scroll of blinking for 75 gold pieces
 35605 | Vaults:1 | Bought a scroll of fog for 40 gold pieces
 35639 | Vaults:1 | Found Faluethra's Weapon Shoppe.
 35657 | Vaults:1 | Found Joyf's Weapon Emporium.
 35737 | Vaults:1 | Reached skill level 23 in Unarmed Combat
 36362 | Vaults:1 | Found Ygianim's Distillery.
 37152 | Vaults:2 | Reached skill level 24 in Unarmed Combat
 37432 | Vaults:2 | Found Zutacer's Distillery.
 38336 | Vaults:3 | Found a staircase to the Crypt.
 38392 | Vaults:3 | Reached XP level 19. HP: 29/174 MP: 18/18
 38592 | Vaults:3 | Found a crumbling gateway.
 38600 | Desolati | Entered the Desolation of Salt
 38820 | Desolati | Reached skill level 10 in Throwing
 38985 | Desolati | Reached skill level 25 in Unarmed Combat
 39083 | Desolati | Identified the ring "Fytrores" {Fire Contam Int+5}
 39102 | Desolati | Identified the +0 scale mail "Wosaxits" {Drain rElec rC+++
                  | Regen+}
 39185 | Desolati | Identified the +12 morningstar of Uncertain Death {vamp,
                  | Will+}
 39308 | Desolati | Identified the staff "Pootsuzo" {*Slow rPois rN+ Str+2
                  | Dex+2 Necro}
 39337 | Desolati | Identified the +2 long sword of the Valley {spect, rElec}
 39399 | Desolati | Got Asmodeus's Annotations on Hurting
 39402 | Desolati | Got Kuqoijam's Commentary on Evil Spells and Anathema
 41671 | Vaults:4 | Reached XP level 20. HP: 143/193 MP: 19/19
 41676 | Vaults:4 | Reached skill level 26 in Unarmed Combat
 41958 | Vaults:4 | Noticed Aizul
 41965 | Vaults:4 | Killed Aizul
 42304 | Snake:3  | Killed klm127's ghost
 42432 | Snake:3  | Killed epsilonplus's ghost
 42437 | Snake:3  | Killed Shard1697's ghost
 42442 | Snake:3  | Killed Woigomae's ghost
 42486 | Snake:3  | Killed Kacetewk's ghost
 43324 | Crypt:1  | Entered Level 1 of the Crypt
 44696 | Crypt:2  | Identified the +5 spear of Iwkib {flame, Fly MP+9 Str+8
                  | Dex-5}
 45615 | Crypt:3  | Entered Level 3 of the Crypt
 45951 | Depths:1 | Entered Level 1 of the Depths
 45991 | Depths:1 | Noticed a caustic shrike
 45996 | Depths:1 | Killed a caustic shrike
 46056 | Depths:1 | Found a gateway to Hell.
 47033 | Depths:1 | Reached skill level 1 in Shields
 47230 | Depths:1 | Found a one-way gate leading to the halls of Pandemonium.
 47434 | Depths:1 | Found Acwauzin's Magic Scroll Emporium.
 47728 | Depths:2 | Found a one-way gateway to a ziggurat.
 47730 | Depths:2 | Reached skill level 5 in Shields
 48327 | Depths:2 | Found a white marble altar of Elyvilon.
 48511 | Depths:2 | Reached XP level 21. HP: 212/222 MP: 20/20
 48876 | Depths:3 | Noticed a golden dragon
 48887 | Depths:3 | Killed a golden dragon
 48958 | Depths:3 | Found a one-way gate to the infinite horrors of the Abyss.
 49176 | Depths:3 | Noticed Grunn
 49193 | Depths:3 | HP: 4/177 [Grunn/+4 bardiche of draining (52)]
 49193 | Depths:3 | Demolished by Grunn

Illustrated notes

Levels and vault maps discovered:
D:1:      dpeg_arrival_rooms_with_view, layout_rooms, minivault_24
D:2:      layout_basic
D:3:      layout_basic, minivault_25, chequers_decorated_corner
D:4:      minmay_wonky_spiral, layout_basic, serial_bayou_ford_a, uniq_eustachio
D:5:      layout_loops_ring, minmay_temple_entry_statues_pillars
D:6:      layout_basic, slow_altar_1, cheibrodos_ashenzari_chains,
          nicolae_figureground_sparkle
D:7:      layout_cave_pools, mainiacjoe_overflow_brackets, enter_ossuary_1
D:8:      lemuel_slime, layout_layer_cave, nicolae_overflow_hidden_temple,
          nicolae_twisty_statue_hallways
D:9:      layout_roguey, serial_bayou, serial_bayou_lagoon_a,
          serial_bayou_crossing, serial_bayou_pond_d, serial_bayou_lagoon_b
D:10:     layout_rooms
D:11:     layout_rooms, david_lair_shrubbed,
          kennysheep_orc_monster_closet_entryway, uniq_harold, uniq_lodul
D:12:     layout_roguey, nicolae_trove_entry_diagonal,
          minmay_guarded_unrand_vampires_tooth, uniq_gastronok, uniq_erolcha,
          uniq_sonja
D:13:     lemuel_ogre_cave, layout_stronghold, erik_vaults_1,
          onia_ninara_dug_in_and_dangerous
D:14:     layout_rooms, grunt_gozag_breadcrumbs
D:15:     grunt_enter_depths_giant_problem, layout_cave_pools,
          roderic_roman_lattice
Temple:   bh_familiar_temple
Lair:1:   layout_gridlike, grunt_megastairs_5, serial_bayou_shore_a,
          lemuel_fruit_tree
Lair:2:   layout_cave_pods, nicolae_swamp_entry_spooky, grunt_megastairs_4
Lair:3:   layout_layer_cave, guppyfry_snake_entry_island, beast_lair_carwin_3,
          serial_bayou_shore_b, serial_bayou_shore_b, uniq_nergalle
Lair:4:   layout_cave_pods, nicolae_slime_entry_slimehenge
Lair:5:   due_jungle_book, layout_hall_layers, gammafunk_ghost_arena,
          serial_bayou_pond_d, minmay_lair_drake_nest, uniq_snorg
Swamp:1:  layout_basic_swamp, nicolae_swamp_ascending_descending_big,
          swamp_pool2, nzn_swamp_dancing_lights
Swamp:2:  layout_falls_marsh, evilmike_swamp_ruin_house_2, swamp_pool1,
          beargit_elvish_explorers, infiniplex_staircase_pool
Swamp:3:  layout_falls_marsh, hangedman_swamp_ruin_hall, ldierk_geyser
Swamp:4:  swamp_old_school, layout_basic_swamp, swamp_pool4
Snake:1:  layout_chambers, serial_shops, bzr_entry_customers
Snake:2:  layout_gridlike, hangedman_corner_corridor
Snake:3:  layout_concentric_octagons, gammafunk_ghost_cemetery,
          nicolae_coiled_stairwell_down
Snake:4:  grunt_snake_rune_pools, layout_gridlike, guppyfry_library_mini,
          uniq_donald, uniq_vashnia
Orc:1:    layout_diamond_mine, uniq_josephine
Orc:2:    kennysheep_orc_mage_school, layout_diamond_mine, enter_volcano_4,
          mines2_lemuel, uniq_saint_roka
Elf:1:    minmay_elf_arrival_plus, layout_gridlike, serial_shops,
          nicolae_shop_stone, minivault_28
Elf:2:    nicolae_elf_blades_splatter_lattice [nicolae_blade_lattice],
          layout_gridlike, serial_shops, bzr_firewalk
Elf:3:    minmay_elf_hall, layout_loops_corners, einodemon_barbed_minivault
Vaults:1: nicolae_vaults_taking_the_gang_shopping, v_pattern_5,
          nicolae_vaults_trapezoid_4, hangedman_vaults_nails,
          nicolae_vaults_variable_pillar_hall, nicolae_vaults_house_1,
          nicolae_vaults_tetromino_Z_2, ontoclasm_vaults_fault,
          vaults_room_hangedman_quadrants, vaults_room_pool,
          layout_vaults_omnigrid, serial_shops, shop, shop, nicolae_shop_trees
Vaults:2: v_misc_9, hangedman_vaults_trim, nicolae_vaults_angled_halls,
          nicolae_vaults_closet_pinwheel_6, v_misc_9, v_misc_25,
          nicolae_vaults_wine_cellar, hangedman_vaults_stretched_pinwheel,
          nicolae_vaults_more_shelving_2, vaults_room_octagon,
          layout_vaults_maze_snakey, serial_shops, shop
Vaults:3: portal_desolation_entry_nicolae_slug, v_rooms_3,
          grunt_vaults_hallway_short, nicolae_vaults_door_testing_chamber,
          minmay_crypt_entry_simple_walls, v_misc_22, v_pattern_3,
          vaults_room_door_hall, v_misc_24, hangedman_vaults_stream,
          nicolae_vaults_trapezoid_lopsided_1, v_misc_11,
          ontoclasm_vaults_loading_screen, layout_vaults_omnicross
Vaults:4: nicolae_vaults_sightless_eye, nicolae_vaults_shrinking_rooms_2,
          nicolae_vaults_shrinking_rooms_1, nicolae_vaults_rhombus_6,
          vaults_mumra_hexcomb, ontoclasm_vaults_decontamination,
          nicolae_vaults_tetromino_Z_1, nicolae_vaults_little_squares_5,
          layout_vaults_chaotic_city, uniq_aizul
Crypt:1:  layout_chaotic_city
Crypt:2:  layout_gridlike, grunt_ministairs_11
Crypt:3:  cryptofortress_bobbens, uniq_vv
Depths:1: layout_gridville, pf_hell_entry_tar_spiral, kennysheep_cross_room,
          rand_demon_pan_entry_1, serial_shops, nicolae_shop_just_a_little_nook,
          kb_rosetta, kennysheep_random_hallway
Depths:2: hellmonk_ruined_rings, layout_cave_pools, enter_ziggurat_c,
          hell_entry, serial_bayou_shore_b, grunt_pan_entry_zigzag,
          nicolae_elyvilon_peaceful_grove
Depths:3: evilmike_cross, layout_gridville, minmay_room_of_horrors, hell_entry,
          hangedman_decor_push, minmay_staircase_statues_hall_small,
          serial_bayou_shore_b, grunt_megastairs_3, firewood_loft,
          minmay_shop_grove, uniq_grunn

Skill      XL: |  1  2  3  4  5  6  7  8  9 10 11 12 13 14 15 16 17 18 19 20 21 |
---------------+----------------------------------------------------------------+-----
Unarmed Combat | 3 4 5 7 9 10 11 17 18 19 20 22 24 25 26 | 26.1
Shapeshifting  | 5 7 9 10 12 | 12.9
Fighting       | 4 7 10 11 12 13 14 15 16 | 16.9
Throwing       | 3 6 7 8 9 12 13 | 13.7
Dodging        | 0 |  0.0
Evocations     | 3 5 8 |  8.9
Shields        | 7 9 |  9.0

Action                     |  1- 3 |  4- 6 |  7- 9 | 10-12 | 13-15 | 16-18 | 19-21 || total
---------------------------+-------+-------+-------+-------+-------+-------+-------++-------
  Melee: Unarmed           |    83 |   107 |   158 |   628 |   759 |   811 |   817 ||  3363
         Punch             |     2 |     1 |     5 |    50 |    70 |    32 |   106 ||   266
         Maw               |       |       |       |    99 |   100 |    40 |   170 ||   409
         Constrict         |       |       |       |       |    18 |   125 |       ||   143
  Throw: Dart              |       |       |       |    15 |       |     1 |       ||    16
         Javelin           |       |       |       |     5 |     3 |     6 |       ||    14
         Boomerang         |       |       |       |       |     8 |    49 |    65 ||   122
 Invoke: Sacrifice Stealth |       |       |     1 |       |       |       |       ||     1
         Sacrifice Drink   |       |       |       |     1 |       |       |       ||     1
         Sacrifice Purity  |       |       |       |     1 |       |       |       ||     1
         Sacrifice Experie |       |       |       |     1 |       |       |       ||     1
         Apocalypse        |       |       |       |     1 |    12 |    15 |    10 ||    38
         Sacrifice Durabil |       |       |       |     1 |       |       |       ||     1
         Reject Sacrifices |       |       |       |     1 |       |       |       ||     1
         Sacrifice Nimblen |       |       |       |       |     1 |       |       ||     1
         Power Leap        |       |       |       |       |     1 |       |     2 ||     3
  Evoke: Wand              |       |       |       |     5 |     3 |     3 |    11 ||    22
         Condenser vane    |       |       |       |     1 |     2 |     3 |     1 ||     7
         Lightning rod     |       |       |       |       |       |     4 |       ||     4
         Box of beasts     |       |       |       |       |       |     1 |       ||     1
    Use: Scroll            |     2 |       |     7 |    14 |    10 |     4 |     3 ||    40
         Potion            |     1 |       |     3 |     1 |       |       |     2 ||     7
   Stab: Sleeping          |       |     1 |       |       |       |       |       ||     1
         Distracted        |       |       |       |     5 |     4 |     2 |     2 ||    13
         Petrifying        |       |       |       |     1 |     1 |       |       ||     2
         Paralysed         |       |       |       |       |    22 |    31 |    24 ||    77
         Invisible         |       |       |       |       |     7 |     7 |     7 ||    21
 Armour: Animal skin       |    26 |    42 |    47 |    34 |       |       |       ||   149
         Skin              |       |       |       |   187 |   186 |   193 |    72 ||   638
         Troll leather arm |       |       |       |       |    16 |       |       ||    16
         Swamp dragon scal |       |       |       |       |     6 |       |       ||     6
  Dodge: Dodged            |    43 |    37 |    59 |   247 |   173 |   233 |   227 ||  1019
  Block: Kite shield       |       |       |       |       |       |       |    40 ||    40
         Reflection        |       |       |       |       |       |       |     4 ||     4
   Form: Maw               |       |       |       |     1 |     4 |     5 |       ||    10
         Blade             |       |       |       |       |     7 |     1 |       ||     8
                           |       |       |       |       |     1 |       |       ||     1
         Anaconda          |       |       |       |       |     4 |     4 |       ||     8

Table legend: (Time is in decaauts)
 A = Elapsed time spent in this place.
 B = Non-inter-level travel time spent in this place.
 C = Inter-level travel time spent in this place.
 D = Time resting spent in this place.
 E = Time spent auto-exploring this place.
 F = Levels seen in this place.
 G = Mean time per level.
                   A        B        C        D        E       F      G
               +--------+--------+--------+--------+--------+-----+--------+
         Total |  48085 |  43007 |   5078 |   6873 |  26997 |  49 |  981.3 |
       Dungeon |  12537 |  11182 |   1355 |   1173 |   7801 |  15 |  835.8 |
        Temple |     59 |      1 |     58 |      0 |      0 |   1 |   59.0 |
          Lair |   6502 |   5384 |   1118 |    235 |   4203 |   5 | 1300.4 |
         Swamp |   3795 |   3624 |    171 |    720 |   2124 |   4 |  948.8 |
     Snake Pit |   5800 |   5097 |    703 |   1130 |   2897 |   4 | 1450.0 |
  Orcish Mines |   2177 |   1657 |    520 |    165 |    953 |   2 | 1088.5 |
   Elven Halls |   4892 |   4731 |    161 |   1787 |   1950 |   3 | 1630.7 |
        Vaults |   5973 |   5268 |    705 |    559 |   3762 |   4 | 1493.2 |
         Crypt |   2369 |   2223 |    146 |    520 |   1391 |   3 |  789.7 |
        Depths |   2511 |   2373 |    138 |    400 |   1350 |   3 |  837.0 |
        Bazaar |    226 |    226 |      0 |      0 |    128 |   2 |  113.0 |
       Ossuary |    113 |    113 |      0 |      0 |     63 |   1 |  113.0 |
       Volcano |    204 |    204 |      0 |     20 |     66 |   1 |  204.0 |
    Desolation |    920 |    920 |      0 |    162 |    309 |   1 |  920.0 |
               +--------+--------+--------+--------+--------+-----+--------+

Top non-repeatable levels by time:
   Elf:3: 3227 daAuts
 Snake:4: 1758 daAuts
  Lair:3: 1751 daAuts
 Snake:3: 1660 daAuts
Vaults:3: 1567 daAuts
Vaults:1: 1506 daAuts
  Lair:2: 1465 daAuts
   Orc:2: 1460 daAuts
Vaults:4: 1457 daAuts
Vaults:2: 1442 daAuts
     D:8: 1412 daAuts
Depths:1: 1392 daAuts
    D:11: 1325 daAuts
  Lair:5: 1277 daAuts
    D:13: 1268 daAuts
